 Dungeon Crawl Stone Soup version 0.23-a0-136-g722f094350 (console) character file.

98196 nanamain the Bludgeoner (level 15, -5/198 HPs)
             Began as a Demonspawn Fighter on Aug 27, 2018.
             Was the Champion of Trog.
             Slain by an emperor scorpion (15 damage)
             ... on level 1 of the Spider Nest on Aug 28, 2018.
             The game lasted 01:29:52 (28659 turns).

nanamain the Bludgeoner (Demonspawn Fighter)       Turns: 28659, Time: 01:29:53

Health: -5/198     AC: 23    Str: 39    XL:     15   Next: 74%
Magic:  0/15       EV:  7    Int:  9    God:    Trog [******]
Gold:   1930       SH:  0    Dex: 15    Spells: 14/14 levels left

rFire    + . .     SeeInvis +   a - +4 great mace (drain)
rCold    + . .     Gourm    .   (shield currently unavailable)
rNeg     + . .     Faith    .   T - +4 chain mail {rC+}
rPois    +         Spirit   +   (helmet unavailable)
rElec    .         Reflect  .   u - +0 cloak of the Chupacabra {rF+ rN+ Str+3 Slay+2, mikee_}
rCorr    .         Harm     .   U - +0 pair of gloves {Str+3}
MR       +....                  p - +1 pair of boots
Stlth    ..........             Y - amulet of regeneration
HPRegen  0.83/turn              N - ring of poison resistance
MPRegen  0.14/turn              C - ring "Cuelle" {Str+7 SInv}

@: berserking (expiring), lethally poisoned (-5 -> -22), held, very quick
A: antennae 3, rugged brown scales 3, demonic guardian 1, magic shield
a: Berserk, Trog's Hand, Brothers in Arms, Renounce Religion


You were on level 1 of the Spider Nest.
You worshipped Trog.
Trog was exalted by your worship.
You were very hungry.

You visited 5 branches of the dungeon, and saw 25 of its levels.
You also visited: Ossuary and Ice Cave.

You collected 2556 gold pieces.
You spent 626 gold pieces at shops.


Innate Abilities, Weirdness & Mutations

You have a pair of large antennae on your head. (SInv)
You are completely covered in rugged brown scales. (AC +3, +7% HP)
A weak demonic guardian rushes to your aid.
When hurt, damage is shared between your health and your magic reserves.


   Skills:
 - Level 13.2 Fighting
 + Level 19.4 Maces & Flails
 - Level 9.8 Armour
 - Level 5.3 Dodging
 - Level 2.6 Shields


You had 14 spell levels left.
You didn't know any spells.
Your spell library was empty.

Inventory:

Hand Weapons
 a - a +4 great mace of draining (weapon)
 b - a +2 antimagic dire flail
 w - a +0 blowgun
 J - a +5 great mace of crushing
Missiles
 L - 5 javelins (quivered)
 O - 6 curare-tipped needles
Armour
 c - a +1 shield of protection
 p - a +1 pair of boots (worn)
 u - the +0 cloak of the Chupacabra (worn) {rF+ rN+ Str+3 Slay+2, mikee_}
   (You acquired it on level 11 of the Dungeon)

   It affects your strength (+3).
   It affects your accuracy and damage with ranged weapons and melee attacks
   (+2).
   It protects you from fire.
   It protects you from negative energy.
 F - the -2 cloak "Yghyazi" {rF+ rC++ MR++}
   (You found it on level 3 of the Lair of Beasts)

   It protects you from fire.
   It greatly protects you from cold.
   It affects your resistance to hostile enchantments.
 T - a +4 chain mail of cold resistance (worn)
 U - a +0 pair of gloves of strength (worn)
 W - a +2 chain mail of fire resistance
Jewellery
 n - an uncursed ring of protection from magic
 s - a +3 ring of evasion
 t - an uncursed ring of resist corrosion
 C - the ring "Cuelle" (right hand) {Str+7 SInv}
   (You found it on level 3 of the Lair of Beasts)

   [ring of see invisible]

   It affects your strength (+7).
   It lets you see invisible.
 K - an uncursed ring of flight
 N - a ring of poison resistance (left hand)
 Y - an amulet of regeneration (around neck)
Wands
 i - a wand of scattershot (12)
 q - a wand of disintegration (15)
 v - a wand of digging (28)
 I - a wand of acid (9)
 Q - a wand of paralysis (68)
 V - a wand of iceblast (23)
Scrolls
 h - 4 scrolls of enchant weapon
 k - 4 scrolls of blinking
 o - 6 scrolls of teleportation
 y - 6 scrolls of remove curse
 B - a scroll of fog
 D - 4 scrolls of magic mapping
 H - 2 scrolls of fear
 S - 2 scrolls of enchant armour
 Z - 2 scrolls of silence {!r}
Potions
 d - 5 potions of might
 e - 7 potions of flight
 g - 11 potions of curing
 j - 5 potions of heal wounds
 l - a potion of invisibility {unknown}
 m - a potion of berserk rage {!q}
 x - 2 potions of cancellation
 A - 3 potions of agility
 E - 3 potions of haste
 M - 8 potions of resistance
 R - 3 potions of magic
Comestibles
 f - 33 rations
 r - 3 chunks of flesh


Message History

Unknown command.
You are too berserk!
Unknown command.
You struggle to detach yourself from the web.
* * * LOW HITPOINT WARNING * * *
You feel sick.
The redback bites you but does no damage.
The emperor scorpion barely misses you.
The emperor scorpion claws you but does no damage. x2
The jumping spider barely misses you.
The jumping spider bites you but does no damage.
The redback completely misses you.
You struggle to detach yourself from the web.
You feel a strong urge to attack something.
* * * LOW HITPOINT WARNING * * *
You feel sick.
The jumping spider pounces on you but does no damage.
The jumping spider bites you but does no damage.
The emperor scorpion stings you!
You die...

.......#..#..#..(......###
...#...........##..#####
.#%...............##
.......#.###..#####
.?...........#
..#.#.........#
..ยค...........#
......%#.sss###
........##@## #..#.#.. ###
## ###.. ###


You could see an emperor scorpion (berserk), a jumping spider (berserk) and a
redback (berserk).

Vanquished Creatures
  Rupert (Lair:4)
  An orc warlord (Orc:1)
  A frost giant (IceCv)
  Nessos (Lair:5)
  The ghost of Oravi the Cleaver, a journeyman HOFi of Beogh (D:14)
  Snorg (D:9)
  A rakshasa (D:15)
  4 vault guards (D:13)
  2 hydras
  An ice dragon (Lair:6)
  Erica (D:8)
  7 two-headed ogres
  5 centaur warriors
  7 death yaks
  5 orc high priests (Orc:2)
  Sonja (Lair:6)
  An unseen horror (D:14)
  A wizard (D:14)
  3 lindwurms
  A wolf spider zombie (D:15)
  4 orb spiders (Spider:1)
  7 orc sorcerers (Orc:2)
  4 orc knights
  5 wolf spiders
  3 manticores (D:15)
  4 ugly things
  A moth of wrath (Spider:1)
  3 cyclopes
  Joseph (D:9)
  An ice statue (IceCv)
  4 black mambas
  A merfolk siren (Lair:3)
  3 elephants (Lair:1)
  A naga mage (D:15)
  Psyche (D:11)
  2 rime drakes
  A gargoyle (D:14)
  A kobold demonologist (D:14)
  4 torpor snails (Lair:6)
  12 spiny frogs
  4 komodo dragons
  4 trolls
  2 merfolk (Lair:3)
  9 hornets
  7 jumping spiders (Spider:1)
  17 polar bears
  4 blink frogs (Lair:3)
  9 hippogriffs
  3 tyrant leeches (Lair:6)
  A harpy skeleton (D:14)
  A centaur simulacrum (D:12)
  8 redbacks
  A shadow (D:15)
  55 yaks
  5 tarantellas
  A vampire (D:15)
  8 wraiths
  A wyvern (Lair:2)
  A basilisk (D:9)
  2 hungry ghosts
  4 vampire mosquitoes (D:14)
  7 wargs
  2 acid dragons (D:14)
  7 porcupines
  A soldier ant (D:14)
  11 water moccasins
  41 orc warriors
  A hornet zombie (D:15)
  14 ice beasts
  2 sky beasts
  A black bear (D:8)
  A phantom (D:9)
  23 wolves
  A necrophage (D:13)
  12 ogres
  13 centaurs
  8 crocodiles
  5 big kobolds
  An elf zombie (Ossuary)
  15 bullfrogs
  A gnoll sergeant (Orc:2)
  A wyvern zombie (D:14)
  A water moccasin skeleton (D:12)
  A water moccasin zombie (D:10)
  3 killer bees (D:9)
  An electric eel (D:12)
  4 howler monkeys
  6 crimson imps
  A bullfrog zombie (D:6)
  2 centaur zombies
  3 jellies
  5 hounds
  2 human zombies (Ossuary)
  3 centaur skeletons
  19 orc wizards
  33 orc priests
  2 bullfrog skeletons
  7 iguanas
  Ijyb (D:3)
  Terence (D:1)
  8 worker ants
  Natasha (twice) (D:3)
  2 killer bee zombies (D:6)
  2 bullfrog simulacra (D:12)
  A big kobold zombie (Ossuary)
  6 hound zombies
  4 hound skeletons
  3 mummies (Ossuary)
  A howler monkey zombie (D:6)
  4 worker ant zombies
  Robin (D:3)
  4 gnolls
  A howler monkey skeleton (D:6)
  15 adders
  4 shadow imps
  3 white imps (D:12)
  An ufetubus (D:12)
  2 oozes
  9 adder zombies
  7 worms
  2 leopard geckos (D:6)
  96 orcs
  7 bats
  6 giant cockroaches
  17 goblins
  7 hobgoblins
  10 jackals
  24 kobolds
  6 quokkas
  A ball python (D:5)
  7 frilled lizards
  3 goblin zombies (Ossuary)
  3 hobgoblin zombies (Ossuary)
  4 jackal zombies
  2 kobold zombies (Ossuary)
  3 leopard gecko zombies
  3 orc zombies (Ossuary)
  A quokka skeleton (D:6)
  5 quokka zombies
  10 rats
  2 rat zombies (Ossuary)
818 creatures vanquished.

Vanquished Creatures (collateral kills)
  An ettin (Orc:2)
  Josephine (Orc:2)
  2 two-headed ogres (Orc:2)
  A merfolk siren (Lair:3)
  A black mamba (Lair:6)
  A torpor snail (Lair:6)
  A jumping spider (Spider:1)
  A hornet (Lair:6)
  3 yaks
  A warg (D:9)
  A howler monkey (D:5)
  A crimson imp (D:6)
  A hound (D:7)
  2 orc priests
  A jelly (D:7)
  An iguana (D:2)
  Natasha (D:3)
  2 hound zombies
  7 orcs
  2 jackals (D:4)
  4 kobolds
  A quokka skeleton (D:4)
37 creatures vanquished.

Vanquished Creatures (others)
  An orc high priest (Orc:2)
  An orc priest (Orc:2)
  A rat (D:1)
  3 fungi
  18 plants
  2 withered plants (Lair:1)
26 creatures vanquished.

Grand Total: 881 creatures vanquished

Notes
Turn   | Place    | Note
-------+----------+-------------------------------------------
     0 | D:1      | nanamain the Demonspawn Fighter began the quest for the
                  | Orb.
     0 | D:1      | Reached XP level 1. HP: 18/18 MP: 1/1
   106 | D:1      | Reached skill level 2 in Maces & Flails
   180 | D:1      | Gained mutation: You have a pair of small antennae on your
                  | head. [demonic ancestry]
   180 | D:1      | Reached XP level 2. HP: 24/24 MP: 2/2
   954 | D:2      | Reached skill level 3 in Maces & Flails
   960 | D:2      | Reached XP level 3. HP: 19/29 MP: 3/3
  1474 | D:2      | Noticed Terence
  1518 | D:1      | Killed Terence
  1518 | D:1      | Reached skill level 4 in Maces & Flails
  1518 | D:1      | Gained mutation: You are partially covered in rugged brown
                  | scales. (AC +1, +3% HP) [demonic ancestry]
  1518 | D:1      | Reached XP level 4. HP: 23/36 MP: 4/4
  1519 | D:1      | meeeeeh
  2240 | D:2      | Gained mutation: A weak demonic guardian rushes to your
                  | aid. [demonic ancestry]
  2240 | D:2      | Reached XP level 5. HP: 38/42 MP: 5/5
  2241 | D:2      | yay
  2250 | D:2      | yay
  2348 | D:2      | Reached skill level 5 in Maces & Flails
  2739 | D:3      | Noticed Natasha
  2755 | D:3      | Killed Natasha
  2956 | D:3      | Noticed Ijyb
  3035 | D:3      | Killed Ijyb
  3340 | D:3      | Noticed Robin
  3379 | D:3      | Killed Robin
  3514 | D:3      | Noticed Natasha
  3529 | D:3      | Killed Natasha
  3529 | D:3      | Gained mutation: You are mostly covered in rugged brown
                  | scales. (AC +2, +5% HP) [demonic ancestry]
  3529 | D:3      | Reached XP level 6. HP: 40/49 MP: 6/6
  3621 | D:3      | Noticed Natasha
  3630 | D:3      | Killed Natasha
  3666 | D:4      | Reached skill level 6 in Maces & Flails
  3720 | D:4      | Found a sparkling altar of Nemelex Xobeh.
  3981 | D:4      | Found a sand-covered staircase.
  3989 | Ossuary  | Entered an ossuary
  4162 | Ossuary  | Reached skill level 7 in Maces & Flails
  4207 | Ossuary  | Reached XP level 7. HP: 54/54 MP: 7/7
  5223 | D:4      | Found a staircase to the Ecumenical Temple.
  5232 | Temple   | Entered the Ecumenical Temple
  5337 | Temple   | Became a worshipper of Trog the Wrathful
  5596 | D:5      | Entered Level 5 of the Dungeon
  5651 | D:5      | Reached skill level 8 in Maces & Flails
  5802 | D:5      | Got an encrusted cloak
  5813 | D:5      | Identified the cursed +0 cloak of Vojumirch {Dex+4 SInv}
                  | (You found it on level 5 of the Dungeon)
  5813 | D:5      | lel
  5882 | D:5      | Gained mutation: You have a pair of antennae on your head.
                  | [demonic ancestry]
  5882 | D:5      | Reached XP level 8. HP: 60/60 MP: 8/8
  5895 | D:5      | You fall through a shaft for 3 floors!
  5903 | D:8      | Noticed Erica
  5905 | D:8      | why
  6063 | D:8      | Found Ovigonill's Jewellery Shop.
  6069 | D:8      | Reached skill level 9 in Maces & Flails
  6241 | D:9      | Noticed a death yak
  6242 | D:9      | Found a staircase to the Lair.
  6800 | D:8      | Found Vuc Zeu's General Store.
  6808 | D:8      | Bought a scroll of teleportation for 33 gold pieces
  6926 | D:7      | Reached * piety under Trog
  6934 | D:7      | Reached skill level 10 in Maces & Flails
  7593 | D:5      | Found a radiant altar of Vehumet.
  8066 | D:6      | Reached ** piety under Trog
  8070 | D:6      | Reached XP level 9. HP: 65/67 MP: 9/9
  8449 | D:6      | Found a sparkling altar of Nemelex Xobeh.
  8482 | D:6      | Reached skill level 11 in Maces & Flails
  9170 | D:7      | Found an ancient bone altar of Kikubaaqudgha.
  9183 | D:7      | Found a glowing golden altar of the Shining One.
  9434 | D:8      | Killed Erica
  9648 | D:8      | Found Fotize's Assorted Antiques.
  9651 | D:8      | Bought a runed scale mail for 203 gold pieces
  9651 | D:8      | Bought a scroll labeled DAPIFA YXTIGOSH for 29 gold pieces
  9651 | D:8      | Bought a scroll labeled JOZARI SAUGGA for 29 gold pieces
  9651 | D:8      | Bought a scroll labeled NOSHIORGH RIFE for 29 gold pieces
  9651 | D:8      | Bought a scroll labeled NOSHIORGH RIFE for 29 gold pieces
  9916 | D:9      | Killed a death yak
  9916 | D:9      | Reached skill level 12 in Maces & Flails
  9916 | D:9      | Gained mutation: You are completely covered in rugged brown
                  | scales. (AC +3, +7% HP) [demonic ancestry]
  9916 | D:9      | Reached XP level 10. HP: 81/81 MP: 8/10
  9999 | D:8      | wow +7% hp? kinda meh-ish
 10245 | D:9      | Reached *** piety under Trog
 10251 | D:9      | Reached skill level 6 in Fighting
 10260 | D:9      | Found a staircase to the Orcish Mines.
 10312 | D:9      | Noticed Joseph
 10328 | D:9      | Killed Joseph
 10716 | D:9      | Reached skill level 13 in Maces & Flails
 11028 | D:9      | Found a white marble altar of Elyvilon.
 11028 | D:9      | Found an iron altar of Okawaru.
 11028 | D:9      | Found a shimmering altar of Xom.
 11028 | D:9      | Found a hazy altar of Hepliaklqana.
 11035 | D:9      | Found a hide-covered altar of Uskayaw.
 11037 | D:9      | Found a blossoming altar of Fedhas.
 11088 | Lair:1   | Entered Level 1 of the Lair of Beasts
 11117 | Lair:1   | Noticed a spiny frog
 11192 | D:9      | Killed a spiny frog
 11382 | Lair:1   | Found a runed door.
 11384 | Lair:1   | Noticed Zoef Hif's ghost (journeyman GrFi)
 11390 | Lair:1   | lel
 11595 | Lair:1   | Noticed a spiny frog
 11610 | Lair:1   | Killed a spiny frog
 11610 | Lair:1   | Reached XP level 11. HP: 91/92 MP: 11/11
 11757 | Lair:1   | Reached **** piety under Trog
 11929 | Lair:2   | Reached skill level 14 in Maces & Flails
 11958 | Lair:1   | mmmm
 12072 | Lair:2   | Reached skill level 3 in Armour
 12262 | Lair:2   | Reached skill level 9 in Fighting
 12284 | Lair:2   | Reached skill level 1 in Dodging
 13274 | Lair:3   | Found a hole to the Spider Nest.
 13291 | Lair:3   | Got a slimy lead ring
 13628 | Lair:2   | Gained mutation: You have a pair of large antennae on your
                  | head. (SInv) [demonic ancestry]
 13628 | Lair:2   | Reached XP level 12. HP: 80/104 MP: 12/12
 13662 | Lair:3   | Got a crude cloak
 13672 | Lair:3   | Identified the ring "Cuelle" {Str+7 SInv} (You found it on
                  | level 3 of the Lair of Beasts)
 13673 | Lair:3   | what
 13691 | Lair:2   | Identified the cursed -2 cloak "Yghyazi" {rF+ rC++ MR++}
                  | (You found it on level 3 of the Lair of Beasts)
 13691 | Lair:2   | mmm not bad
 13741 | Lair:3   | Found a staircase to the Shoals.
 13790 | Lair:3   | Reached skill level 6 in Armour
 13790 | Lair:3   | Reached skill level 3 in Dodging
 14438 | Lair:4   | Reached ***** piety under Trog
 14726 | Lair:4   | Noticed Rupert
 14727 | Lair:4   | hi
 14727 | Lair:4   | ew
 14773 | Lair:4   | Killed Rupert
 14775 | Lair:4   | rip
 15297 | Lair:5   | Found a shimmering altar of Xom.
 15456 | Lair:5   | Noticed an eight-headed hydra
 15525 | Lair:5   | Killed a three-headed hydra
 15671 | Lair:5   | Found a viscous altar of Jiyva.
 15671 | Lair:5   | Found a staircase to the Slime Pits.
 15862 | Lair:5   | Noticed Nessos
 15863 | Lair:5   | hi
 15877 | Lair:5   | Killed Nessos
 16096 | Lair:6   | Entered Level 6 of the Lair of Beasts
 16163 | Lair:6   | Noticed a death yak
 16184 | Lair:6   | Killed a death yak
 16330 | Lair:6   | Noticed Sonja
 16438 | Lair:6   | Noticed a six-headed hydra
 16443 | Lair:5   | Reached skill level 12 in Fighting
 16586 | Lair:6   | Killed a six-headed hydra
 16586 | Lair:6   | Reached XP level 13. HP: 115/115 MP: 13/13
 16750 | Lair:6   | Killed Sonja
 17046 | Lair:6   | Reached skill level 9 in Armour
 17506 | Lair:6   | Found a runed door.
 18189 | Lair:6   | whaaaaat
 18191 | Lair:6   | no loot
 18226 | Lair:6   | eeeeeeeeeeeew
 18433 | Orc:1    | Entered Level 1 of the Orcish Mines
 18637 | Orc:2    | Entered Level 2 of the Orcish Mines
 18647 | Orc:1    | Received a gift from Trog
 18950 | Orc:2    | iron imp > two-headed ogre
 18990 | Orc:2    | HP: 30/177 [orc warrior/war axe (9)]
 19804 | Orc:2    | Received a gift from Trog
 19984 | Orc:2    | Reached skill level 15 in Maces & Flails
 20243 | Orc:2    | Noticed an orc warlord
 20312 | Orc:1    | Killed an orc warlord
 20312 | Orc:1    | Gained mutation: When hurt, damage is shared between your
                  | health and your magic reserves. [demonic ancestry]
 20312 | Orc:1    | Reached XP level 14. HP: 104/126 MP: 14/14
 20485 | Orc:2    | Got a twisted short sword {pierce}
 20493 | Orc:2    | Identified the +10 short sword "Tyum" {pierce, +Fly} (You
                  | took it off an orc high priest on level 2 of the Orcish
                  | Mines)
 20665 | Orc:2    | Found a roughly hewn altar of Beogh.
 20912 | Orc:2    | Found Qachifoz's Jewellery Boutique.
 20966 | Orc:2    | Noticed Josephine
 20975 | Orc:2    | Killed Josephine
 21006 | Orc:2    | Found Rukegewn's Antique Armour Shop.
 21036 | Orc:2    | Bought a pair of runed gloves for 240 gold pieces
 21047 | Orc:2    | meeeeh
 21147 | Orc:2    | Found a roughly hewn altar of Beogh.
 21198 | Orc:2    | Reached skill level 16 in Maces & Flails
 21260 | Orc:2    | Found Wossahyr's Jewellery Emporium.
 21289 | Orc:2    | so much garbage
 21289 | Orc:2    | okawarumart
 21320 | Orc:2    | Found Misoyhuv's Jewellery Shoppe.
 21326 | Orc:2    | Bought a cursed amulet of inaccuracy for 34 gold pieces
 21495 | Orc:2    | Found a staircase to the Elven Halls.
 21718 | D:10     | Entered Level 10 of the Dungeon
 21718 | D:10     | Noticed Snorg
 21731 | D:9      | HP: 31/189 [Snorg (11)]
 21734 | D:9      | Killed Snorg
 23189 | D:11     | Found Kerhiz's Antique Weapon Shop.
 23324 | D:11     | Noticed Psyche
 23331 | D:11     | Killed Psyche
 23451 | D:11     | Received a gift from Trog
 23520 | D:11     | mmmm
 23540 | D:11     | Got a scorched cloak
 23552 | D:11     | Identified the +0 cloak of the Chupacabra {rF+ rN+ Str+3
                  | Slay+2} (You acquired it on level 11 of the Dungeon)
 23552 | D:11     | blegh
 23919 | D:12     | Found a frozen archway.
 23931 | D:12     | hi
 23932 | IceCv    | Entered an ice cave
 23974 | IceCv    | Reached skill level 17 in Maces & Flails
 24255 | IceCv    | Noticed a frost giant
 24317 | IceCv    | Received a gift from Trog
 24322 | IceCv    | Killed a frost giant
 24694 | IceCv    | meh
 25242 | D:12     | Reached XP level 15. HP: 118/132 MP: 13/15
 25638 | D:13     | Got a steaming robe
 25702 | D:13     | Found a gate to the Vaults.
 25734 | D:13     | Reached skill level 18 in Maces & Flails
 26197 | D:14     | Got an agate-encrusted leather armour
 26216 | D:14     | Found a runed door.
 26216 | D:14     | Noticed Oravi's ghost (journeyman HOFi)
 26365 | D:14     | Reached ****** piety under Trog
 26985 | D:15     | Entered Level 15 of the Dungeon
 27058 | D:14     | Killed Oravi's ghost
 27270 | D:15     | Received a gift from Trog
 27355 | D:15     | Found a staircase to the Depths.
 27392 | D:15     | HP: 20/132 [centaur warrior/arrow (9)]
 27398 | D:14     | HP: 17/132 [poisoned by a wolf spider]
 27405 | D:14     | HP: 20/132 [poisoned by a wolf spider]
 27413 | D:14     | HP: 24/132 [poisoned by a wolf spider]
 28081 | D:15     | Reached skill level 19 in Maces & Flails
 28182 | D:15     | Upgraded the game from 0.23-a0-128-g2d122ddfbf to
                  | 0.23-a0-136-g722f094350
 28351 | Spider:1 | Entered Level 1 of the Spider Nest
 28657 | Spider:1 | HP: 39/198 [poisoned by a redback]
 28657 | Spider:1 | HP: 13/198 [jumping spider (9)]
 28659 | Spider:1 | Slain by an emperor scorpion

Vault maps used:
D:1:      lightli_arrival_statuegarden, lemuel_flame_loot_1
D:2:      patterned_corridor, uniq_terence
D:3:      first_ration, uniq_robin, uniq_natasha, uniq_ijyb
D:4:      lemuel_temple_firewalk_b, chequers_ossuary_entry_cave, serial_curves,
          eino_curves_01, eino_curves_04, nemelex_diamond_rough_becter
D:5:      lemuel_coloured_pillars_altar, kennysheep_big_empty_room
D:6:      serial_undead, serial_undead_d, serial_undead_d, serial_undead_d,
          serial_undead_f, serial_undead_c, serial_undead_a, serial_undead_b,
          serial_undead_c, serial_undead_a, serial_undead_f,
          gup_sewer_entry_bubbles, nemelex_dance_club_becter
D:7:      amethyst_overflow_temple_binary
D:8:      serial_shops, kennysheep_mini_moat, shop, nicolae_shop_stone,
          uniq_erica
D:9:      minmay_overflow_temple_hex, david_lair_generic, erik_orc_4,
          uniq_joseph
D:10:     serial_corexii_hall, corexii_hall_statues_l, corexii_hall_statues_i,
          uniq_snorg
D:11:     serial_shops, shop_statue, uniq_psyche
D:12:     serial_ice, serial_ice_j, serial_ice_a, serial_ice_o, serial_ice_c,
          portal_ice_cave_entry_ice_beasts
D:13:     lightli_vaults_fourway_checkpoint
D:14:     hellmonk_ghost_happy_afterlife, hangedman_pestilent_swarm
D:15:     hangedman_depths_entry_try_elsewhere_first, minmay_tree_intersection
Temple:   dshaligram_water_room_temple
Lair:1:   gammafunk_ghost_grave, eino_small_chamber_without_monster,
          grunt_megastairs_3
Lair:3:   elwin_shoals_entry_stream, spider_nest_entry_webs, st_stairs_12,
          grunt_megastairs_1
Lair:4:   uniq_rupert
Lair:5:   dpeg_slime_entry_enclosed_altar, basic_altar, uniq_nessos
Lair:6:   wormcave, uniq_sonja
Orc:2:    pubby_orc_utopia, uniq_josephine
Ossuary:  minmay_ossuary_two_tombs
IceCv:    ice_cave_small_giant

Action                   |  1- 3 |  4- 6 |  7- 9 | 10-12 | 13-15 || total
-------------------------+-------+-------+-------+-------+-------++-------
Melee: Flail             |   165 |   277 |   653 |    19 |       ||  1114
       Dire flail        |       |       |       |   741 |   292 ||  1033
       Scimitar          |       |       |       |     6 |       ||     6
       Great mace        |       |       |       |       |  1177 ||  1177
Throw: Javelin           |       |       |     2 |       |       ||     2
Invok: Berserk           |       |       |     2 |     5 |     7 ||    14
       Trog's Hand       |       |       |       |     2 |     6 ||     8
       Brothers in Arms  |       |       |       |     1 |     2 ||     3
Evoke: Wand              |       |       |       |     2 |     2 ||     4
  Use: Scroll            |       |     4 |     8 |     6 |    15 ||    33
       Potion            |       |     1 |     1 |       |     1 ||     3
 Stab: Distracted        |       |     2 |     3 |     5 |     6 ||    16
       Paralysed         |       |       |       |     7 |     3 ||    10
  Eat: Chunk             |     2 |     9 |    17 |    23 |    32 ||    83
       Ration            |       |       |     1 |     2 |     5 ||     8
Armor: Scale mail        |    83 |    91 |   186 |   194 |   131 ||   685
       Skin              |       |     3 |       |       |       ||     3
       Ring mail         |       |       |       |       |     3 ||     3
       Chain mail        |       |       |       |       |   455 ||   455
Dodge: Dodged            |    35 |    97 |   223 |   353 |  1004 ||  1712
Block: Shield            |    82 |   122 |   246 |    11 |       ||   461
       Rpst.: Scimitar   |       |       |       |     1 |       ||     1
